 Dungeon Crawl Stone Soup version 0.31-a0-358-gac0dbeb3ab (webtiles) character file.

Game seed: 3178989151104223337

4 freelancePsychic the Shield-Bearer (level 1, -1/13 HPs)
             Began as a Deep Elf Fighter on July 25, 2023.
             Slain by a kobold
             ... wielding a +0 club
              (2 damage)
             ... on level 1 of the Dungeon.
             The game lasted 00:00:14 (121 turns).

freelancePsychic the Shield-Bearer (DEFi)            Turns: 121, Time: 00:00:14

Health: -1/13      AC:  6    Str: 13    XL:     1   Next: 50%
Magic:  3/3        EV:  8    Int: 12    God:
Gold:   22         SH:  4    Dex: 14    Spells: 0/0 levels left

rFire   . . .        a - +0 long sword
rCold   . . .        c - +0 buckler
rNeg    . . .        b - +0 scale mail
rPois   .            (no helmet)
rElec   .            (no cloak)
rCorr   .            (no gloves)
SInv    .            (no boots)
Will    .....        (no amulet) Stlth
                     (no ring)
HPRegen 0.22/turn    (no ring)
MPRegen 0.08/turn

%: no passive effects
@: no status effects
A: no striking features
a: no special abilities


You were on level 1 of the Dungeon.
You visited 1 branch of the dungeon, and saw 1 of its levels.

You collected 22 gold pieces.

Inventory:

Hand Weapons
 a - a +0 long sword (weapon)
Armour
 b - a +0 scale mail (worn)
 c - a +0 buckler (worn)
Scrolls
 e - a scroll of immolation {unknown}
Potions
 d - a potion of might


   Skills:
 + Level 2.4 Fighting
 * Level 2.0 Long Blades
 - Level 2.4 Armour
 + Level 0.4 Dodging
 - Level 2.4 Shields


You couldn't memorise any spells.
You didn't know any spells.
Your spell library was empty.

Dungeon Overview and Level Annotations

Branches:
Dungeon (1/15)

Altars:


Message History

No target in view!
No target in view!
No target in view!
No target in view!
No target in view!
No target in view!
No target in view!
No target in view!
No target in view!
No target in view!
No target in view!
No target in view!
HP restored.
e - a scroll labelled PUERRO ILAUCUPI A rat comes into view.
A rat is nearby!
A rat is nearby!
Found a blackened lapis lazuli amulet.
A kobold comes into view. It is wielding a +0 club.
The rat bites you but does no damage.
You barely miss the rat. The rat bites you.
You barely miss the kobold. The kobold hits you with a +0 club.
The rat bites you but does no damage.
You are too injured to fight recklessly!
You hit the kobold.
The kobold is severely wounded.
The kobold closely misses you. The rat barely misses you.
The kobold hits you with a +0 club. You block the rat's attack.
You closely miss the kobold.
The kobold is severely wounded.
The kobold hits you with a +0 club. The rat bites you but does no damage.
You miss the kobold.
The kobold is severely wounded.
The kobold closely misses you. The rat closely misses you.
You hit the kobold but do no damage.
The kobold is severely wounded.
The kobold hits you with a +0 club.
* * * LOW HITPOINT WARNING * * *
The rat closely misses you. The kobold hits you with a +0 club.
You die...

#.#.# #...... ... #.#.#
#.#...... ... #.#.#
#.#...... ...
##.#.###.#...... ...
...............
#.#####.#..###.#.....
####.......#....#.#.....
......K.....##..........
.......@....###.#..>....
......r...........#.####
.."..............##.#
....................#
............#########
............#
............#
............#


You could see a kobold and a rat.

Vanquished Creatures
  A dart slug (D:1)
  A hobgoblin (D:1)
2 creatures vanquished.

Notes
Turn   | Place    | Note
-------+----------+-------------------------------------------
     0 | D:1      | freelancePsychic the Deep Elf Fighter began the quest for
                  | the Orb.
     0 | D:1      | Reached XP level 1. HP: 13/13 MP: 3/3
   121 | D:1      | Slain by a kobold

Illustrated notes

Levels and vault maps discovered:
D:1:      wander_arrival_desolate, layout_basic

Skill      XL: |  1 |
---------------+----+-----
Long Blades    | 2 |  2.0
Fighting       | |  2.4
Armour         | |  2.4
Dodging        | |  0.4
Shields        | |  2.4

Action                     || total
---------------------------++-------
  Melee: Long sword        ||    11
 Armour: Scale mail        ||     6
  Dodge: Dodged            ||     5
  Block: Buckler           ||     3

Table legend: (Time is in decaauts)
 A = Elapsed time spent in this place.
 B = Non-inter-level travel time spent in this place.
 C = Inter-level travel time spent in this place.
 D = Time resting spent in this place.
 E = Time spent auto-exploring this place.
 F = Levels seen in this place.
 G = Mean time per level.
                   A        B        C        D        E       F      G
               +--------+--------+--------+--------+--------+-----+--------+
         Total |    124 |    124 |      0 |      0 |     94 |   1 |  124.0 |
       Dungeon |    124 |    124 |      0 |      0 |     94 |   1 |  124.0 |
               +--------+--------+--------+--------+--------+-----+--------+

Top non-repeatable levels by time:
     D:1: 124 daAuts
